AoeStats
← Skall

Arabia

510404168Analyzed
1v1 RM · 10h ago on Sep 30, 2026· 28m 54s· 2 players
Game mode
Random Map
Map size
Tiny (2 player)
Population
200
Speed
Normal
Resources
Standard
Victory
Conquest
Starting age
Dark Age
Ending age
Imperial Age
RankedLock teamsTeams togetherTeam positionsShared explorationLock speedFull tech treeHidden civsTurbo modeCheats
Victory
Defeat
🇦🇷 Goths · Argentina
1076
+15
🇨🇴 Celts · Colombia
1046
-15
Hanyo
6:53 Loom
9:47 Feudal Age
10:41 Double-Bit Axe
10:43 Horse Collar
11:00 Town Watch
12:35 Man-at-Arms
18:15 Arson
20:15 Wheelbarrow
22:36 Scale Mail Armor
22:47 Forging
26:51 Castle Age
26:57 Long Swordsman
27:38 Fletching
Skall
6:38 Loom
9:56 Feudal Age
10:29 Double-Bit Axe
10:22 Man-at-Arms
15:10 Forging
15:01 Scale Mail Armor
18:22 Gold Mining
19:36 Wheelbarrow
23:48 Castle Age
22:37 Horse Collar
23:59 Long Swordsman
24:40 Squires
24:58 Chain Mail Armor
25:19 Iron Casting
28:34 Bow Saw
Connection lost

Rejoining the realm…

Still unreachable

The connection could not be restored.

Session expired

The server has moved on; the page needs a fresh start.